 Dungeon Crawl Stone Soup version 0.28-b1-25-g9875b3fc8c (webtiles) character file.

Game seed: 1397322756535294145

1745 Armakuni the Cleaver (level 9, -7/69 HPs)
             Began as a Human Summoner on Feb 5, 2022.
             Killed themself with a badly aimed iceblast (12 damage)
             ... on level 5 of the Dungeon.
             The game lasted 00:12:42 (5932 turns).

Armakuni the Cleaver (Human Summoner)               Turns: 5932, Time: 00:12:42

Health: -7/69      AC: 13    Str: 21    XL:     9   Next: 26%
Magic:  12/12      EV: 13    Int: 16    God:
Gold:   192        SH:  0    Dex: 14    Spells: 9/12 levels left

rFire   . . .      SeeInvis .   a - +3 quarterstaff (chaos)
rCold   . . .      Faith    .   (shield currently unavailable)
rNeg    . . .      Spirit   .   c - +1 chain mail of Cesunen {Str+9 Stlth-}
rPois   .          Reflect  .   (no helmet)
rElec   .          Harm     .   g - +0 cloak
rCorr   .          Rampage  .   k - +0 pair of gloves
Will    .....                   l - +0 pair of boots
Stlth   ..........              (no amulet)
HPRegen 0.21/turn               E - +4 ring of evasion
MPRegen 0.13/turn               (no ring)

@: lethally poisoned (-7 -> -12), studying Axes
A: screaming 1
a: no special abilities


You were on level 5 of the Dungeon.
You visited 1 branch of the dungeon, and saw 5 of its levels.

You collected 192 gold pieces.

Inventory:

Hand Weapons
 a - a +3 quarterstaff of chaos (weapon)
 b - a +1 trident
Missiles
 d - 5 boomerangs
Armour
 c - the +1 chain mail of Cesunen (worn) {Str+9 Stlth-}
   (You acquired it on level 1 of the Dungeon)

   Str:       It affects your strength (+9).
   Stlth:     It makes you less stealthy.
 g - a +0 cloak (worn)
 k - a +0 pair of gloves (worn)
 l - a +0 pair of boots (worn)
Jewellery
 E - a +4 ring of evasion (left hand)
Wands
 j - a wand of iceblast (1)
Scrolls
 e - a scroll of identify
Potions
 f - a potion of attraction
 h - a potion of might


   Skills:
 - Level 5.6 Fighting
 + Level 10.7 Axes
 - Level 3.9 Armour
 - Level 4.5 Dodging
 - Level 2.0 Stealth
 - Level 2.0 Spellcasting
 - Level 4.0 Summonings


You had 9 spell levels left.
You knew the following spells:

 Your Spells              Type           Power      Damage    Failure   Level
b - Call Canine Familiar  Summ           14%        N/A       71%         3

Your spell library contained the following spells:

 Spells                   Type           Power      Damage    Failure   Level
 Summon Small Mammal      Summ           56%        N/A       34%         1
 Call Imp                 Summ           14%        N/A       47%         2
 Animate Skeleton         Necr           2%         N/A       88%         1
 Pain                     Necr           4%         1d4       88%         1
 Summon Guardian Golem    Hex/Summ       8%         N/A       94%         3
 Corpse Rot               Necr/Air       2%         N/A       95%         2
 Poisonous Vapours        Pois/Air       2%         N/A       95%         2
 Vampiric Draining        Necr           1%         2d6       99%         3
 Summon Lightning Spire   Summ/Air       8%         N/A       100%        4


Dungeon Overview and Level Annotations

Branches:
Dungeon (5/15)
 Temple: D:4-7

Altars:
Okawaru
Trog
Wu Jian
Yredelemnul
Zin

Shops:
D:1 (

Annotations:
D:4 2 transporters, tv1990's ghost, amateur FoMo


Innate Abilities, Weirdness & Mutations

You occasionally shout uncontrollably at your foes.


Message History

You hit the killer bee but do no damage.
The killer bee barely misses you. The killer bee stings you!
You miss the killer bee. The killer bee barely misses you.
The killer bee misses you.
The killer bee stings you but does no damage.
You miss the killer bee. The killer bee closely misses you.
The killer bee stings you.
You closely miss the killer bee. The killer bee stings you.
You are poisoned.
The killer bee poisons you!
The killer bee stings you but does no damage.
The killer bee stings you.
* * * LOW HITPOINT WARNING * * *
You are more poisoned.
The killer bee poisons you!
You closely miss the killer bee.
You feel very sick. The killer bee stings you.
* * * LOW HITPOINT WARNING * * *
The killer bee misses you.
The killer bee stings you but does no damage.
* * * LOW HITPOINT WARNING * * *
You feel sick. The killer bee closely misses you.
* * * LOW HITPOINT WARNING * * *
You feel sick.
* * * LOW HITPOINT WARNING * * *
You feel sick.
The killer bee stings you but does no damage. x3
Aiming: Iceblast
Press: ? - help, Shift-Dir - straight line, f - killer bee
Aim: a killer bee That beam is likely to hit you.
Continue anyway?
The mass of ice explodes!
The iceblast engulfs the killer bee!!
You kill the killer bee!
The iceblast engulfs the killer bee!
You kill the killer bee!
The iceblast engulfs the killer bee!
The killer bee is heavily wounded.
The iceblast engulfs you!
You die...

##.....## ########## #.......#
###.(......# #.......#
...........# #.......#
...........# ########.....##
...........####.....#.......####
(..........)...................##
...........####..................
...........####y@.<............##
............†.††.................
####.....#####......###.(......##
...#.....# ##................##
...#.....## #.....###..######..
...........# #.##### ##..## #..
................. ##..####..
...#............. ##.......
...#....#.#... ... ###########..


You could see a killer bee.

Vanquished Creatures
  Grinder (D:3)
  A sky beast (D:3)
  A black bear (D:5)
  A sky beast (shapeshifter) (D:4)
  A necrophage (D:5)
  2 ogres (D:5)
  A centaur (D:4)
  A phantom (D:4)
  A scorpion (D:5)
  A water moccasin skeleton (D:3)
  4 killer bees (D:5)
  Crazy Yiuf (D:2)
  A hound (D:5)
  2 orc priests (D:4)
  2 bullfrog skeletons
  2 iguanas
  A scorpion zombie (D:5)
  Natasha (twice) (D:2)
  4 orc wizards
  Ijyb (D:3)
  A hound zombie (D:5)
  A hound skeleton (D:4)
  4 adders
  3 gnolls (D:5)
  An adder skeleton (D:4)
  A worm (D:2)
  3 dart slugs
  16 orcs
  5 ball pythons
  7 bats
  11 endoplasms
  3 giant cockroaches
  11 goblins
  6 hobgoblins
  10 kobolds
  3 quokkas
  3 frilled lizards
  7 rats
127 creatures vanquished.

Vanquished Creatures (others)
  A hound (D:5)
  4 plants (D:1)
5 creatures vanquished.

Grand Total: 132 creatures vanquished

Notes
Turn   | Place    | Note
-------+----------+-------------------------------------------
     0 | D:1      | Armakuni the Human Summoner began the quest for the Orb.
     0 | D:1      | Reached XP level 1. HP: 13/13 MP: 3/3
    97 | D:1      | Reached skill level 1 in Fighting
   308 | D:1      | Reached XP level 2. HP: 20/22 MP: 5/5
   993 | D:1      | Found a faded altar of an unknown god.
  1010 | D:1      | Reached XP level 3. HP: 28/28 MP: 6/6
  1473 | D:1      | Found Xyira's Weapon Shop.
  1923 | D:1      | Learned a level 3 spell: Call Canine Familiar
  1959 | D:1      | Identified a scroll of acquirement
  1959 | D:1      | Acquired the +1 chain mail of Cesunen {Str+9 Stlth-}
  2247 | D:2      | Reached XP level 4. HP: 35/35 MP: 7/7
  2257 | D:2      | Noticed Natasha
  2265 | D:2      | Killed Natasha
  2396 | D:2      | Noticed Natasha
  2414 | D:2      | Gained mutation: You occasionally shout uncontrollably at
                  | your foes. [potion of mutation]
  2653 | D:2      | Found a runed translucent door.
  2654 | D:2      | Noticed Crazy Yiuf
  2736 | D:2      | Killed Natasha
  2737 | D:2      | Reached XP level 5. HP: 42/42 MP: 8/8
  3092 | D:2      | Killed Crazy Yiuf
  3093 | D:2      | Reached skill level 1 in Armour
  3313 | D:3      | Noticed Grinder
  3315 | D:3      | Killed Grinder
  3316 | D:3      | Reached XP level 6. HP: 50/50 MP: 9/9
  3324 | D:3      | Noticed a sky beast
  3334 | D:3      | Killed a sky beast
  3335 | D:3      | Reached skill level 5 in Fighting
  3335 | D:3      | Reached XP level 7. HP: 56/56 MP: 10/10
  3516 | D:3      | Found a bloodstained altar of Trog.
  3648 | D:3      | Noticed Ijyb
  3655 | D:3      | Killed Ijyb
  4266 | D:4      | Noticed a shapeshifter
  4266 | D:4      | a centaur changed into a shapeshifter
  4266 | D:4      | a shapeshifter changed into a black bear
  4285 | D:4      | Reached XP level 8. HP: 31/63 MP: 11/11
  4486 | D:4      | Found an iron altar of Okawaru.
  4486 | D:4      | Found an ornate altar of the Wu Jian Council.
  4620 | D:4      | Found a transporter.
  4624 | D:4      | Reached skill level 1 in Axes
  4626 | D:4      | Noticed tv1990's ghost (amateur FoMo)
  4700 | D:4      | Reached skill level 3 in Axes
  4764 | D:4      | Reached skill level 4 in Axes
  4891 | D:4      | Found a transporter.
  4952 | D:4      | Found a glowing silver altar of Zin.
  5055 | D:4      | Reached skill level 5 in Axes
  5423 | D:5      | Entered Level 5 of the Dungeon
  5491 | D:5      | Reached skill level 6 in Axes
  5555 | D:5      | Reached skill level 7 in Axes
  5649 | D:5      | Found a basalt altar of Yredelemnul.
  5660 | D:5      | Reached skill level 8 in Axes
  5668 | D:5      | Reached skill level 9 in Axes
  5668 | D:5      | Reached XP level 9. HP: 59/69 MP: 12/12
  5849 | D:5      | Reached skill level 10 in Axes
  5932 | D:5      | Killed themself with a badly aimed iceblast

Illustrated notes

Levels and vault maps discovered:
D:1:      lightli_arrival_noodles, layout_basic, serial_shops,
          nicolae_shop_trees, basic_ecumenical_altar, serial_bayou,
          serial_bayou_crossing, serial_bayou_pond_c, serial_bayou_pond_c,
          serial_bayou_pond_b
D:2:      layout_loops_cross, grunt_decor_arrowhead, minmay_hexomino_c4,
          uniq_crazy_yiuf_cottage, uniq_natasha
D:3:      layout_loops_ring, trog_book, hangedman_decor_growths,
          minmay_strange_pillars, chequers_arboretum, minmay_misc_feat_room,
          uniq_grinder, uniq_ijyb
D:4:      layout_loops_corners, zin_scriptorium, grunt_temple_overflow_open,
          gammafunk_ghost_stat_death, minmay_manual_mares
D:5:      layout_rooms, mainiacjoe_overflow_catwalk, minitemple

Skill      XL: |  1  2  3  4  5  6  7  8  9 |
---------------+----------------------------+-----
Fighting       | 1 2 3 4 5 |  5.6
Armour         | 2 3 |  3.9
Dodging        | 3 4 |  4.5
Axes           | 9 10 | 10.7
Stealth        | |  2.0
Spellcasting   | |  2.0
Summonings     | |  4.0

Action                   |  1- 3 |  4- 6 |  7- 9 || total
-------------------------+-------+-------+-------++-------
Melee: Trident           |   117 |    54 |       ||   171
       Punch             |       |     1 |       ||     1
       Quarterstaff      |       |    16 |   241 ||   257
Evoke: Wand              |       |       |     2 ||     2
  Use: Scroll            |     4 |     7 |     7 ||    18
       Potion            |       |     2 |     1 ||     3
 Stab: Sleeping          |     3 |       |       ||     3
       Petrifying        |       |       |     2 ||     2
       Paralysed         |       |       |     2 ||     2
Armor: Robe              |     8 |       |       ||     8
       Chain mail        |     5 |    27 |   151 ||   183
       Skin              |       |     8 |       ||     8
Dodge: Dodged            |    67 |    33 |   234 ||   334
